[Event "Titled Tuesday Blitz November 01 Late 2022"]
[White "Brown, Andrew"]
[Black "Kirillov, Dmitry"]
[WhiteFideId "3206513"]
[BlackFideId "34180572"]
[WhiteElo "2245"]
[BlackElo "2095"]
[Result "0-1"]
[Round "06"]
[TimeControl "180+1"]
[Date "2022.11.02"]
[WhiteClock "0:00:06"]
[BlackClock "0:00:32"]

1. d4 d5 2. c4 e6 3. Nc3 c6 4. Nf3 dxc4 5. g3 b5 6. Bg2 Bb7 7. O-O Nd7 8. Bg5 Ngf6 9. Ne5 Qc8 10. a4 b4 11. Ne4 Nxe4 12. Bxe4 f6 13. f4 fxg5 14. e3 g6 15. fxg5 Nxe5 16. dxe5 Bc5 17. Qc2 Rg8 18. Qxc4 Bxe3+ 19. Kg2 Bxg5 20. Rad1 Be7 21. a5 a6 22. Kh3 Rf8 23. Rxf8+ Kxf8 24. Rf1+ Kg7 25. Bc2 c5 26. Qf4 Qe8 27. Ba4 Qf8 28. Qc1 Qg8 29. Bb3 Rf8 30. Rxf8 Qxf8 31. Bxe6 Bc8 32. Bxc8 Qxc8+ 33. g4 h5 34. Qf4 Qxg4+ 35. Qxg4 hxg4+ 36. Kxg4 c4 37. Kf3 c3 0-1


[Site "https://www.chess.com"]

[Event "Titled Tuesday Blitz November 01 Late 2022"]
[White "Burke, Paul"]
[Black "Saucey, Michel"]
[WhiteFideId "2605767"]
[BlackFideId "601845"]
[WhiteElo "1869"]
[BlackElo "2253"]
[Result "0-1"]
[Round "06"]
[TimeControl "180+1"]
[Date "2022.11.02"]
[WhiteClock "0:00:35"]
[BlackClock "0:00:32"]

1. e4 c5 2. d4 cxd4 3. c3 dxc3 4. Nxc3 Nc6 5. Nf3 d6 6. Bc4 a6 7. O-O Nf6 8. h3 e6 9. Qe2 Be7 10. Rd1 Qc7 11. Bg5 O-O 12. a3 b5 13. Ba2 Ne5 14. Nd4 Qb7 15. f4 Nc4 16. Kh2 Re8 17. Rac1 Bd7 18. Bb1 Rac8 19. Bxf6 Bxf6 20. e5 dxe5 21. fxe5 Bxe5+ 22. Kh1 Bxd4 23. Rxd4 g6 24. Ne4 Bc6 25. Nf6+ Kg7 26. Nxe8+ Rxe8 27. b3 Nb6 28. Qb2 Kg8 29. Qc2 Bd5 30. Qf2 Nd7 31. Rd2 f5 32. Rdc2 Qb6 33. Qh4 Qe3 34. Rc8 Rf8 35. Rxf8+ Nxf8 36. Qe1 Qxh3+ 0-1


[Site "https://www.chess.com"]

[Event "Titled Tuesday Blitz November 01 Late 2022"]
[White "Castella Garcia, Fausto"]
[Black "Souleidis, Georgios"]
[WhiteFideId "3501922"]
[BlackFideId "4206827"]
[WhiteElo "2246"]
[BlackElo "2401"]
[Result "0-1"]
[Round "06"]
[TimeControl "180+1"]
[Date "2022.11.02"]
[WhiteClock "0:00:03"]
[BlackClock "0:00:05"]

1. e4 e5 2. Nf3 d6 3. d4 Bg4 4. dxe5 Nd7 5. exd6 Bxd6 6. h3 Bh5 7. Nbd2 Qe7 8. Bd3 Ngf6 9. O-O O-O-O 10. Nc4 Nxe4 11. Re1 f5 12. Nxd6+ Qxd6 13. Bxe4 Qxd1 14. Bxb7+ Kxb7 15. Rxd1 Bxf3 16. gxf3 Ne5 17. Bf4 Nxf3+ 18. Kg2 Nh4+ 19. Kg3 Ng6 20. Bg5 Rxd1 21. Rxd1 h6 22. Be3 Rf8 23. f4 Re8 24. Kf2 Kc6 25. Rd4 a6 26. Ra4 Kb7 27. Ra5 Rf8 28. c4 Rf7 29. b4 Ne7 30. Rc5 Nc8 31. a4 Nd6 32. Kf3 Ne4 33. Re5 Nd6 34. c5 Nc4 35. Re6 c6 36. Bd4 Kc7 37. b5 axb5 38. axb5 cxb5 39. Ra6 Rd7 40. Ra7+ Kd8 41. Rxd7+ Kxd7 42. Bxg7 h5 43. Kg3 b4 44. Kh4 b3 45. Kxh5 Ke6 46. Kg6 Ne3 47. c6 Nd5 48. Kg5 Ne7 49. c7 Kd7 50. Be5 Nc6 51. Bc3 Ne7 52. Kf6 Nd5+ 53. Kxf5 Nxc3 54. h4 b2 0-1


[Site "https://www.chess.com"]

[Event "Titled Tuesday Blitz November 01 Late 2022"]
[White "Castellanos Gomez, Alejandro"]
[Black "Kaplan, Avi Harrison"]
[WhiteFideId "22284141"]
[BlackFideId "30934559"]
[WhiteElo "2168"]
[BlackElo "1983"]
[Result "0-1"]
[Round "06"]
[TimeControl "180+1"]
[Date "2022.11.02"]
[WhiteClock "0:00:01"]
[BlackClock "0:00:05"]

1. d4 Nf6 2. Bf4 c5 3. e3 Qb6 4. Na3 d6 5. c3 g6 6. Nc4 Qc7 7. Nf3 Bg7 8. Be2 Nh5 9. Bg5 h6 10. Bh4 g5 11. Nfd2 Nf6 12. Bg3 b5 13. dxc5 bxc4 14. cxd6 exd6 15. Nxc4 O-O 16. Bxd6 Qd7 17. Bxf8 Bxf8 18. Bf3 Nc6 19. Na5 Nxa5 20. Qxd7 Bxd7 21. Bxa8 Nc4 22. b3 Ne5 23. g3 Bb5 24. c4 Bb4+ 25. Ke2 Bd7 26. Bg2 Bf5 27. Rhd1 Kf8 28. a3 Bc3 29. Ra2 Ne4 30. f3 Ba5 31. Rd5 Nc3+ 32. Kf2 Nxd5 33. cxd5 Nd3+ 34. Kg1 Bb6 35. h3 Bxe3+ 36. Kh2 Nc1 37. Rb2 Nd3 38. Rc2 h5 39. Rc7 h4 40. Rb7 hxg3+ 41. Kh1 Nf2+ 0-1


[Site "https://www.chess.com"]

[Event "Titled Tuesday Blitz November 01 Late 2022"]
[White "Chigaev, Maksim"]
[Black "Paravyan, David"]
[WhiteFideId "4108116"]
[BlackFideId "4194985"]
[WhiteElo "2537"]
[BlackElo "2555"]
[Result "0-1"]
[Round "06"]
[TimeControl "180+1"]
[Date "2022.11.01"]
[WhiteClock "0:00:01"]
[BlackClock "0:00:14"]

1. Nf3 Nf6 2. c4 g6 3. Nc3 d5 4. cxd5 Nxd5 5. Qb3 Nb6 6. d4 Bg7 7. e4 Bg4 8. Bb5+ c6 9. Ng5 O-O 10. Be2 Bxe2 11. Nxe2 c5 12. Qh3 h6 13. Nf3 Qc8 14. Qh4 h5 15. d5 Qg4 16. Qxg4 hxg4 17. Nd2 Na6 18. a3 Rfe8 19. h3 gxh3 20. Rxh3 e6 21. dxe6 Rxe6 22. f3 Rd8 23. Nc3 c4 24. Nf1 Nc5 25. Bg5 Nd3+ 26. Ke2 Rde8 27. Ne3 f6 28. Bh6 f5 29. Bxg7 Nf4+ 30. Kf1 Nxh3 31. Bd4 Ng5 32. Ke2 Rd8 33. Bc5 fxe4 34. f4 Nh7 35. Rh1 Nf6 36. g4 Nbd5 37. f5 Rc6 38. Bb4 Nxe3 39. Kxe3 g5 40. Be7 Rd3+ 41. Ke2 Nxg4 42. Rg1 Ne5 43. Bxg5 Nf3 44. Rg2 Kf8 45. Nxe4 Rb6 46. Bc1 Nd4+ 47. Ke1 Rf3 48. Ng5 Rxf5 49. Kd1 Rf1+ 50. Kd2 Nb3+ 51. Ke2 Rxc1 0-1


[Site "https://www.chess.com"]

[Event "Titled Tuesday Blitz November 01 Late 2022"]
[White "Clawitter, Craig"]
[Black "Roman, Rodrigo"]
[WhiteFideId "2023105"]
[BlackFideId "3701220"]
[WhiteElo "2320"]
[BlackElo "2001"]
[Result "0-1"]
[Round "06"]
[TimeControl "180+1"]
[Date "2022.11.02"]
[WhiteClock "0:00:01"]
[BlackClock "0:00:05"]

1. e4 c6 2. d4 d5 3. e5 Bf5 4. Nf3 h5 5. Be2 e6 6. O-O c5 7. Be3 Nc6 8. dxc5 Qc7 9. c4 Rd8 10. cxd5 Rxd5 11. Qc1 Bxb1 12. Rxb1 g6 13. b4 a6 14. Bc4 Rd7 15. Rd1 Bg7 16. Rxd7 Qxd7 17. b5 axb5 18. Bxb5 Nge7 19. Qe1 O-O 20. Rd1 Nd5 21. Bc4 Nce7 22. Bd4 Ra8 23. Ng5 Nf5 24. Bb2 Rc8 25. Ne4 Qe7 26. Nd6 Nxd6 27. exd6 Qf8 28. Bxg7 Qxg7 29. Bxd5 exd5 30. Rxd5 Qb2 31. d7 Rd8 32. h3 Kg7 33. Qe7 Qf6 34. Qxf6+ Kxf6 35. Kf1 Ke6 36. Rd6+ Ke7 37. Ke2 f6 38. Kd3 g5 39. Kd4 h4 40. Kd5 f5 41. c6 bxc6+ 42. Kxc6 g4 43. hxg4 fxg4 44. Rh6 Ra8 45. Rh7+ Kf6 0-1


[Site "https://www.chess.com"]

[Event "Titled Tuesday Blitz November 01 Late 2022"]
[White "Constantinou, Peter"]
[Black "Taboas Rodriguez, Daniel"]
[WhiteFideId "413038"]
[BlackFideId "2208466"]
[WhiteElo "2230"]
[BlackElo "2429"]
[Result "1/2-1/2"]
[Round "06"]
[TimeControl "180+1"]
[Date "2022.11.02"]
[WhiteClock "0:00:57"]
[BlackClock "0:00:21"]

1. e4 e5 2. Bc4 Nf6 3. d3 Nc6 4. Nc3 Bc5 5. f4 d6 6. Nf3 Be6 7. f5 Bxc4 8. dxc4 h6 9. h3 Nd4 10. g4 Nd7 11. Qd3 Nxf3+ 12. Qxf3 Qh4+ 13. Ke2 Nb6 14. b3 Bd4 15. Bb2 O-O-O 16. a4 Nd7 17. Rab1 h5 18. Ba1 Nf6 19. Nd5 hxg4 20. hxg4 Qxg4 21. Nxf6 Qxf3+ 22. Kxf3 Bxa1 23. Nh5 g6 24. Rxa1 gxh5 25. Rag1 Rh7 26. Kg3 Kd7 27. Kh4 Ke7 28. Rg5 Kf6 29. Rhg1 Rhh8 30. Rg7 a5 31. R7g5 c6 32. Rd1 Ke7 33. Rd2 Rdg8 34. Rxg8 Rxg8 35. Kxh5 Rg1 36. Re2 f6 37. Kh4 Rg5 38. Kh3 d5 39. cxd5 cxd5 40. exd5 Kd6 41. c4 Rxf5 42. Kg3 Rf1 43. Rf2 Rxf2 44. Kxf2 f5 45. Ke3 b6 46. Kf3 Ke7 47. Ke3 Kf6 48. Kf3 Kg5 49. Ke3 e4 50. Kd4 Kf6 51. Ke3 Ke5 52. Ke2 f4 53. Kf2 e3+ 54. Kf3 Kf5 55. Ke2 Ke5 56. Kf3 Kd6 57. Ke2 Kd7 58. Kf3 Ke7 59. Ke2 Ke8 60. Kf3 Kd8 61. Ke2 Kc8 62. Kf3 Kb8 63. Ke2 Kb7 64. Kf3 Kc7 65. Ke2 Kc8 66. Kf3 Kd8 67. Ke2 Ke8 68. Kf3 Kf8 69. Ke2 Kf7 70. Kf3 Kf6 71. Ke2 Kf5 72. Kf3 Ke5 73. Ke2 Kd6 74. Kf3 Kd7 75. Ke2 Kd8 76. Kf3 Kc7 77. Ke2 Kd6 78. Kf3 Kd7 79. Ke2 Ke7 80. Kf3 Kd6 81. Ke2 Ke5 82. Kf3 1/2-1/2


[Site "https://www.chess.com"]

[Event "Titled Tuesday Blitz November 01 Late 2022"]
[White "D`Arruda, Ricardo D."]
[Black "Roque Sola, Gisela"]
[WhiteFideId "100692"]
[BlackFideId "5120241"]
[WhiteElo "2482"]
[BlackElo "1961"]
[Result "0-1"]
[Round "06"]
[TimeControl "180+1"]
[Date "2022.11.02"]
[WhiteClock "0:01:20"]
[BlackClock "0:01:51"]

1. d4 Nf6 2. Nf3 d5 3. g3 e6 4. Bg2 Be7 5. O-O O-O 6. c4 dxc4 7. Ne5 Nc6 8. Nxc6 bxc6 9. Bxc6 Rb8 10. Nc3 Ba6 11. Qa4 Qc8 12. Bf3 Rd8 13. Rd1 Nd5 14. e4 Nb4 15. d5 Bf6 16. Be3 Nd3 17. Bxa7 Nxb2 18. Bxb8 Nxa4 0-1


[Site "https://www.chess.com"]

[Event "Titled Tuesday Blitz November 01 Late 2022"]
[White "Da Silva Junior, Sediney Mari"]
[Black "Mesa Cruz, Juan Carlos"]
[WhiteFideId "2132079"]
[BlackFideId "6423400"]
[WhiteElo "1996"]
[BlackElo "2059"]
[Result "1-0"]
[Round "06"]
[TimeControl "180+1"]
[Date "2022.11.02"]
[WhiteClock "0:01:48"]
[BlackClock "0:00:29"]

1. e4 c5 2. c3 d5 3. exd5 Qxd5 4. d4 Nc6 5. Nf3 Bg4 6. Be2 cxd4 7. cxd4 e6 8. Nc3 Bb4 9. O-O Qa5 10. d5 Rd8 11. Bd2 Bxc3 12. Bxc3 Qxd5 13. Qxd5 Rxd5 14. Bxg7 Nge7 15. Bxh8 Ng6 16. Bc3 Nf4 17. Bc4 Bxf3 18. gxf3 Rg5+ 19. Kh1 Nh3 20. Rad1 b5 21. Bd3 b4 22. Be4 Ne7 23. Bxb4 Ng6 24. Bxg6 hxg6 25. Rd4 e5 26. Rg4 Rf5 27. Kg2 Nf4+ 28. Rxf4 Rxf4 29. Bc3 f6 30. Rd1 Ke7 31. Rd5 Ke6 32. Ra5 e4 33. fxe4 Rxe4 34. Ra6+ Kd5 35. Rxf6 1-0


[Site "https://www.chess.com"]

[Event "Titled Tuesday Blitz November 01 Late 2022"]
[White "Dahlgren, James Allen"]
[Black "Curtis, John"]
[WhiteFideId "22256873"]
[BlackFideId "3200256"]
[WhiteElo "2206"]
[BlackElo "2203"]
[Result "1-0"]
[Round "06"]
[TimeControl "180+1"]
[Date "2022.11.02"]
[WhiteClock "0:00:28"]
[BlackClock "0:00:06"]

1. e4 c5 2. Nc3 Nc6 3. f4 e6 4. Nf3 b6 5. Be2 Bb7 6. O-O Be7 7. d3 d6 8. h3 Nf6 9. g4 Nd7 10. Be3 e5 11. f5 Nd4 12. Nd5 Nxf3+ 13. Bxf3 Bxd5 14. exd5 Bg5 15. Qd2 h6 16. c4 Bxe3+ 17. Qxe3 Qh4 18. Kg2 Nf6 19. Rab1 a5 20. a3 O-O 21. Rf2 Rfe8 22. Be4 Nh7 23. Qg3 Qxg3+ 24. Kxg3 Nf6 25. h4 Nxe4+ 26. dxe4 f6 27. a4 Kf7 28. Rg1 Rh8 29. Kf3 Rag8 30. Rfg2 Rh7 31. Rg3 Rgh8 32. R1g2 Kf8 33. Ke2 Rg8 34. Rb3 Rgh8 35. Rxb6 Ke7 36. Ra6 Rb8 37. Kd1 Rb4 38. Ra7+ Kd8 39. Rxa5 Rxc4 40. Re2 Kc7 41. Ra7+ Kb6 42. Rd7 Rxa4 43. Rxd6+ Kb5 44. Kc2 Rh8 45. Rd7 Rc4+ 46. Kb3 Rb4+ 47. Kc3 Rc4+ 48. Kd3 Rd4+ 49. Kc2 Ra8 50. Rb7+ Ka6 51. Rxg7 Rb8 52. Rg6 Rbb4 53. Rxf6+ Kb5 54. Rxh6 Rxe4 55. Rxe4 Rxe4 56. f6 Rf4 57. g5 Kc4 58. b3+ Kxd5 59. Rh8 e4 60. Rd8+ 1-0


[Site "https://www.chess.com"]

[Event "Titled Tuesday Blitz November 01 Late 2022"]
[White "Dehtiarov, Roman"]
[Black "Tan, Ralph"]
[WhiteFideId "14186640"]
[BlackFideId "30966590"]
[WhiteElo "2200"]
[BlackElo "2059"]
[Result "1-0"]
[Round "06"]
[TimeControl "180+1"]
[Date "2022.11.02"]
[WhiteClock "0:00:14"]
[BlackClock "0:00:02"]

1. e4 e6 2. d3 d5 3. Nd2 Nf6 4. g3 Be7 5. Bg2 O-O 6. Ne2 c5 7. O-O Nc6 8. f4 b5 9. e5 Nd7 10. Nf3 Bb7 11. d4 Qb6 12. Be3 a5 13. g4 Rac8 14. c3 cxd4 15. Nexd4 Nxd4 16. Nxd4 Nc5 17. f5 Ne4 18. Bxe4 dxe4 19. f6 Bc5 20. Qd2 Rfd8 21. Qf2 Qc7 22. fxg7 Bxd4 23. cxd4 Rd7 24. Rac1 Qd8 25. Qf6 Rxc1 26. Rxc1 Rxd4 27. Qxd8+ Rxd8 28. Rc7 Bd5 29. Bg5 Ra8 30. Bh6 Bxa2 31. Kf2 a4 32. Ke3 b4 33. Kf4 a3 34. bxa3 bxa3 35. Kg5 f5 36. Kf6 e3 37. Rf7 e2 38. Rf8+ Rxf8+ 39. gxf8=Q# 1-0


[Site "https://www.chess.com"]

[Event "Titled Tuesday Blitz November 01 Late 2022"]
[White "Diaz Rosas, Julio Cesar"]
[Black "Silva Lucena, Cristian"]
[WhiteFideId "5105099"]
[BlackFideId "2232588"]
[WhiteElo "2246"]
[BlackElo "2223"]
[Result "0-1"]
[Round "06"]
[TimeControl "180+1"]
[Date "2022.11.02"]
[WhiteClock "0:00:02"]
[BlackClock "0:00:28"]

1. d4 Nf6 2. c4 g6 3. Nc3 Bg7 4. e4 d6 5. Nge2 O-O 6. Ng3 e5 7. d5 a5 8. h4 h5 9. Bg5 Qe8 10. Qd2 Na6 11. Be2 Nc5 12. Bh6 Bd7 13. Qg5 Nh7 14. Qd2 Qe7 15. O-O-O a4 16. Rdf1 a3 17. b3 f5 18. exf5 Bxf5 19. Nxf5 Rxf5 20. Bxg7 Qxg7 21. g4 hxg4 22. Bxg4 Rf4 23. Rhg1 Rd4 24. Qc2 e4 25. Be6+ Kh8 26. h5 g5 27. Bf5 Rf8 28. Bxe4 Rxe4 29. Nxe4 Qa1+ 30. Kd2 Nxe4+ 31. Qxe4 Qb2+ 32. Qc2 Qd4+ 33. Qd3 Rxf2+ 34. Rxf2 Qxf2+ 35. Qe2 Qd4+ 36. Kc2 Qxg1 37. Qe8+ Kg7 38. Qg6+ Kf8 39. Qxh7 Qf2+ 40. Kc3 Qe1+ 0-1


[Site "https://www.chess.com"]

[Event "Titled Tuesday Blitz November 01 Late 2022"]
[White "Drygalov, Sergey"]
[Black "Hua, Lefong"]
[WhiteFideId "24171743"]
[BlackFideId "2602253"]
[WhiteElo "2528"]
[BlackElo "2632"]
[Result "1-0"]
[Round "06"]
[TimeControl "180+1"]
[Date "2022.11.01"]
[WhiteClock "0:00:10"]
[BlackClock "0:00:11"]

1. d4 Nf6 2. c4 g6 3. Nc3 Bg7 4. e4 d6 5. Nf3 O-O 6. Be2 Bg4 7. Be3 Nfd7 8. Qd2 c5 9. d5 Na6 10. h3 Bxf3 11. Bxf3 Nc7 12. h4 e6 13. dxe6 Nxe6 14. Qxd6 Nd4 15. Bxd4 cxd4 16. Nd5 Ne5 17. Qxd8 Rfxd8 18. b3 a5 19. Rd1 Kf8 20. Be2 Nd7 21. Bd3 Nc5 22. Bb1 Rab8 23. h5 Re8 24. f3 f5 25. hxg6 hxg6 26. O-O fxe4 27. fxe4+ Kg8 28. e5 Bxe5 29. Bxg6 Rf8 30. Rfe1 Nd7 31. Re4 Kg7 32. Rg4 Nf6 33. Rg5 Nxd5 34. Rxe5 Nf4 35. Bd3 Rf7 36. Re4 Rd8 37. Bf1 d3 38. g3 Ne2+ 39. Bxe2 dxe2 40. Rxd8 Rf1+ 41. Kg2 e1=Q 42. Rxe1 Rxe1 43. Rd7+ Kf6 44. Rxb7 Re2+ 45. Kf3 Rxa2 46. Ke4 Ke6 47. Rb6+ Kd7 48. g4 Rg2 49. Kf5 Rg3 50. g5 Kc7 51. Rb5 Kc6 52. Kf6 Rg1 53. g6 Rf1+ 54. Kg7 1-0


[Site "https://www.chess.com"]

[Event "Titled Tuesday Blitz November 01 Late 2022"]
[White "Dzierzak, Radoslaw"]
[Black "Romero Ruscalleda, Josep"]
[WhiteFideId "1161407"]
[BlackFideId "2231859"]
[WhiteElo "2111"]
[BlackElo "2295"]
[Result "1-0"]
[Round "06"]
[TimeControl "180+1"]
[Date "2022.11.02"]
[WhiteClock "0:00:06"]
[BlackClock "0:00:01"]

1. e4 g6 2. d4 Bg7 3. Nf3 d6 4. Be2 Nf6 5. Nc3 O-O 6. O-O a6 7. h3 b5 8. e5 Nfd7 9. Bf4 Nc6 10. Re1 dxe5 11. dxe5 Ndxe5 12. Nxe5 Nxe5 13. Bxb5 axb5 14. Bxe5 Qxd1 15. Raxd1 b4 16. Nd5 Rxa2 17. Nxb4 Ra4 18. Nd5 Bxe5 19. Rxe5 e6 20. Ne7+ Kg7 21. Rc5 Ba6 22. Rxc7 Rb8 23. b3 Ra2 24. Rdd7 Bb5 25. Nc6 Rf8 26. Rd2 Bxc6 27. Rxc6 Rb8 28. Rd7 Kg8 29. Rcc7 Rf8 30. b4 Rb2 31. c3 h5 32. h4 Kg7 33. g3 Kf6 34. Kg2 g5 35. hxg5+ Kg6 36. Rc5 Ra8 37. Rd3 Raa2 38. Rf3 Rc2 39. b5 Rab2 40. c4 Rb4 41. Rc7 Rcxc4 42. Rcxf7 Kxg5 43. Rg7+ Kh6 44. Re7 Re4 45. Rf6+ Kg5 46. Rexe6 Rxe6 47. Rxe6 Rxb5 48. Re4 Rb3 49. Kh3 Rb2 50. f4+ Kg6 51. Re6+ Kf5 52. Re5+ Kg6 53. Re6+ Kg7 54. Kh4 Rh2+ 55. Kg5 Rg2 56. Kh4 Rh2+ 57. Kg5 Rg2 58. Rg6+ Kh7 59. Kxh5 Rh2+ 60. Kg5 Rg2 61. Rh6+ Kg7 62. Rh3 Kf7 63. g4 Kg7 64. f5 Ra2 65. Rd3 Ra7 66. Rd6 Kf7 67. Kh5 Rb7 68. g5 Rc7 69. g6+ Kg8 70. Kh6 1-0


[Site "https://www.chess.com"]

[Event "Titled Tuesday Blitz November 01 Late 2022"]
[White "Eljanov, Pavel"]
[Black "Putnam, Liam"]
[WhiteFideId "14102951"]
[BlackFideId "30938279"]
[WhiteElo "2601"]
[BlackElo "2082"]
[Result "0-1"]
[Round "06"]
[TimeControl "180+1"]
[Date "2022.11.02"]
[WhiteClock "0:00:04"]
[BlackClock "0:00:04"]

1. c4 e5 2. d3 Nc6 3. g3 h5 4. Nf3 Bc5 5. Bg2 a6 6. Nc3 d6 7. e3 Bg4 8. h3 Bf5 9. a3 Nf6 10. b4 Ba7 11. Bb2 Qd7 12. Qc2 O-O 13. Ng5 Ne7 14. Bxb7 Rab8 15. Bg2 c6 16. O-O d5 17. e4 Bg6 18. exd5 cxd5 19. c5 Nc6 20. h4 Nd4 21. Qd1 a5 22. Ne2 Nc6 23. d4 e4 24. Nf4 axb4 25. Nxg6 fxg6 26. Bh3 Qe7 27. axb4 Rxb4 28. Bc3 Rc4 29. Ra3 Kh8 30. Ne6 Re8 31. Nf4 Qf7 32. Qd2 Bb8 33. Rb1 e3 34. fxe3 Ne4 35. Qe1 Bxf4 36. gxf4 Nxc3 37. Rxc3 Nxd4 38. Kg2 Nc2 39. Qd2 Rxc3 40. Qxc3 Nxe3+ 41. Kg3 Nc4 42. Re1 Ra8 43. Qd4 Ra3+ 44. Kh2 Ra2+ 45. Kh1 Rd2 46. Qc3 Qxf4 47. Bg2 Qxh4+ 0-1


[Site "https://www.chess.com"]

[Event "Titled Tuesday Blitz November 01 Late 2022"]
[White "Ernst, Sipke"]
[Black "Predke, Alexandr"]
[WhiteFideId "1004689"]
[BlackFideId "24107581"]
[WhiteElo "2438"]
[BlackElo "2614"]
[Result "0-1"]
[Round "06"]
[TimeControl "180+1"]
[Date "2022.11.01"]
[WhiteClock "0:00:31"]
[BlackClock "0:00:47"]

1. Nf3 Nf6 2. c4 e6 3. g3 d5 4. Bg2 Be7 5. O-O O-O 6. b3 d4 7. e3 c5 8. exd4 cxd4 9. d3 Nc6 10. Re1 Nd7 11. Ba3 Bxa3 12. Nxa3 Nc5 13. Nc2 a5 14. Rb1 Qd6 15. a3 Bd7 16. Ng5 h6 17. Ne4 Nxe4 18. Bxe4 f5 19. Bg2 e5 20. b4 axb4 21. axb4 e4 22. dxe4 d3 23. c5 Qf6 24. Qxd3 Ne5 25. Qd2 f4 26. Qxf4 Qxf4 27. gxf4 Rxf4 28. b5 Ra2 29. Nd4 Rfxf2 30. Bf1 Rfd2 31. c6 bxc6 32. bxc6 Rxd4 33. Re2 Rxe2 0-1


[Site "https://www.chess.com"]

[Event "Titled Tuesday Blitz November 01 Late 2022"]
[White "Esipenko, Andrey"]
[Black "Zierk, Steven"]
[WhiteFideId "24175439"]
[BlackFideId "2034255"]
[WhiteElo "2619"]
[BlackElo "2494"]
[Result "1-0"]
[Round "06"]
[TimeControl "180+1"]
[Date "2022.11.01"]
[WhiteClock "0:00:59"]
[BlackClock "0:00:52"]

1. Nf3 d5 2. e3 Nf6 3. c4 c6 4. Qc2 Bg4 5. Ne5 Bh5 6. cxd5 cxd5 7. g4 Bxg4 8. Nxg4 Nxg4 9. Nc3 Nf6 10. Qb3 Qd7 11. d4 Nc6 12. Bd2 e6 13. Bd3 Bd6 14. f4 Rc8 15. Qd1 a6 16. O-O O-O 17. Kh1 Na5 18. Qe2 Nc4 19. Be1 Bb4 20. Rg1 Bxc3 21. Bh4 Bxd4 22. exd4 Ne4 23. Bxe4 dxe4 24. Rxg7+ 1-0


[Site "https://www.chess.com"]

[Event "Titled Tuesday Blitz November 01 Late 2022"]
[White "Ezat, Mohamed"]
[Black "Marchesich, Giovanni"]
[WhiteFideId "10600906"]
[BlackFideId "2824790"]
[WhiteElo "2386"]
[BlackElo "2200"]
[Result "1-0"]
[Round "06"]
[TimeControl "180+1"]
[Date "2022.11.02"]
[WhiteClock "0:00:15"]
[BlackClock "0:00:01"]

1. d4 f6 2. e4 g6 3. e5 f5 4. h4 Bh6 5. h5 g5 6. d5 e6 7. dxe6 dxe6 8. Qxd8+ Kxd8 9. Nc3 Nc6 10. f4 gxf4 11. Nf3 Nge7 12. Bb5 a6 13. Ba4 b5 14. Bb3 Na5 15. Ne2 Nxb3 16. axb3 Nd5 17. Bd2 Bb7 18. O-O-O Ke7 19. Rh4 Rhg8 20. c4 Ne3 21. Bb4+ Kf7 22. Rd7+ Ke8 23. Rxh7 Rxg2 24. Ned4 Bxf3 25. Nxe6 Rg1+ 26. Kd2 Rd1+ 27. Kc3 Rc1+ 28. Kd4 Nc2+ 29. Kc5 Nxb4 30. Kxb4 Bf8+ 31. c5 Rc8 32. Rxf4 Bd5 33. Nxf8 a5+ 34. Kxb5 c6+ 35. Kb6 Rb8+ 36. Kc7 Rxb3 37. Nd7 Rxb2 38. Kd6 1-0


[Site "https://www.chess.com"]

[Event "Titled Tuesday Blitz November 01 Late 2022"]
[White "Faizrakhmanov, Ramil"]
[Black "Deac, Bogdan-Daniel"]
[WhiteFideId "24103209"]
[BlackFideId "1226380"]
[WhiteElo "2421"]
[BlackElo "2648"]
[Result "1/2-1/2"]
[Round "06"]
[TimeControl "180+1"]
[Date "2022.11.01"]
[WhiteClock "0:00:11"]
[BlackClock "0:00:06"]

1. d4 Nf6 2. c4 e6 3. Nf3 d5 4. Nc3 dxc4 5. e4 Bb4 6. Bxc4 Nxe4 7. O-O Nf6 8. Qa4+ Nc6 9. Ne5 Bd6 10. Nxc6 bxc6 11. Qxc6+ Bd7 12. Qf3 h6 13. Bf4 Bxf4 14. Qxf4 Bc6 15. Bb5 Bxb5 16. Nxb5 Nd5 17. Qe5 O-O 18. Rac1 Rb8 19. Nxc7 Rxb2 20. Nxd5 Qxd5 21. Qxd5 exd5 22. Rc5 Rxa2 23. Rxd5 Rc8 24. Rf5 Rd8 25. Rb1 Rxd4 26. g3 g6 27. Rf3 Rd7 28. Rb8+ Kg7 29. h4 a5 30. Ra8 Rd6 31. h5 g5 32. Ra7 Rf6 33. Rxf6 Kxf6 34. Ra6+ Kg7 35. g4 a4 36. Kg2 Ra3 37. Ra7 Ra1 38. Ra6 a3 39. Kh2 a2 40. Kg2 Kf8 41. Ra8+ Ke7 42. Ra7+ Kd6 43. Ra6+ Kc5 44. Ra5+ Kb4 45. Ra7 Kb3 46. Rb7+ Kc3 47. Rc7+ Kd4 48. Ra7 f5 49. gxf5 Ke5 50. Ra5+ Kf6 51. Kh2 g4 52. Kg2 Kg5 53. f6+ Kxf6 54. Kh2 Ke6 55. Kg2 Kd6 56. Kh2 Kc6 57. Kg2 Kb6 58. Ra8 Kc5 59. Ra5+ Kd4 60. Kh2 Ke4 61. Kg2 Kf4 62. Ra6 Kg5 63. Ra5+ Kf4 64. Ra6 Ke4 65. Ra5 Kd3 66. Ra8 Kc3 67. Rc8+ Kb4 68. Rb8+ Ka3 69. Ra8+ Kb3 70. Rb8+ Kc4 71. Ra8 Kd5 72. Ra5+ Ke4 73. Ra4+ Kf5 74. Ra5+ Kf4 1/2-1/2


[Site "https://www.chess.com"]

[Event "Titled Tuesday Blitz November 01 Late 2022"]
[White "Fernandez Guillen, Ernesto J."]
[Black "Ter-Sahakyan, Samvel"]
[WhiteFideId "3512428"]
[BlackFideId "13302531"]
[WhiteElo "2422"]
[BlackElo "2604"]
[Result "1-0"]
[Round "06"]
[TimeControl "180+1"]
[Date "2022.11.01"]
[WhiteClock "0:01:51"]
[BlackClock "0:00:15"]

1. e4 c6 2. d4 d5 3. e5 Bf5 4. c3 e6 5. Bd3 Bxd3 6. Qxd3 Qb6 7. Ne2 c5 8. O-O Nc6 9. Nd2 cxd4 10. cxd4 Rc8 11. a3 Nge7 12. b4 Nf5 13. Nf3 Be7 14. g4 Nh4 15. Nxh4 Bxh4 16. Be3 Be7 17. f4 h5 18. f5 hxg4 19. fxe6 fxe6 20. b5 Nd8 21. Qg6+ Kd7 22. Qxg7 Re8 23. a4 Rc2 24. Nf4 Qa5 25. Rac1 Qc3 26. Rxc2 Qxc2 27. Ng6 Qe4 28. Bg5 Qxd4+ 29. Rf2 Kc8 30. Bxe7 Kb8 31. Bd6+ Ka8 32. Qc7 1-0


[Site "https://www.chess.com"]

[Event "Titled Tuesday Blitz November 01 Late 2022"]
[White "Fernandez Hernandez, Gerardo"]
[Black "Hoffmann, Asa"]
[WhiteFideId "2207400"]
[BlackFideId "2001470"]
[WhiteElo "2242"]
[BlackElo "2117"]
[Result "0-1"]
[Round "06"]
[TimeControl "180+1"]
[Date "2022.11.02"]
[WhiteClock "0:00:01"]
[BlackClock "0:00:33"]

1. e4 d6 2. d4 Nf6 3. Nc3 c6 4. f4 Qa5 5. Qf3 e5 6. Be3 b5 7. Bd3 b4 8. Nce2 Nbd7 9. c3 Rb8 10. Nh3 Be7 11. O-O O-O 12. c4 h6 13. Ng3 exd4 14. Bxd4 Nc5 15. e5 Bg4 16. exf6 Bxf3 17. fxe7 Rfe8 18. Rxf3 Rxe7 19. Nf2 Rbe8 20. Nf5 Re1+ 21. Rxe1 Rxe1+ 22. Bf1 Qxa2 23. b3 Nxb3 24. Nd3 Rxf1+ 25. Rxf1 Nxd4 26. Nxd4 Qxc4 27. Nf5 Qxd3 28. h3 Qxf5 0-1


[Site "https://www.chess.com"]

[Event "Titled Tuesday Blitz November 01 Late 2022"]
[White "Firouzja, Alireza"]
[Black "Makarian, Rudik"]
[WhiteFideId "12573981"]
[BlackFideId "44105681"]
[WhiteElo "2903"]
[BlackElo "2405"]
[Result "1-0"]
[Round "06"]
[TimeControl "180+1"]
[Date "2022.11.01"]
[WhiteClock "0:01:24"]
[BlackClock "0:00:53"]

1. d4 Nf6 2. c4 g6 3. Nf3 Bg7 4. Nc3 O-O 5. e4 d6 6. Be2 e5 7. d5 Na6 8. Be3 Ng4 9. Bg5 f6 10. Bd2 Nh6 11. a3 f5 12. b4 c5 13. dxc6 bxc6 14. Bg5 Qc7 15. c5 dxc5 16. b5 Nb8 17. Bc4+ Nf7 18. O-O Bb7 19. Be3 Rd8 20. Qb3 h6 21. Rfd1 Rxd1+ 22. Rxd1 f4 23. Bxc5 cxb5 24. Nxb5 Qxc5 25. Bxf7+ Kh7 26. Nd6 1-0


[Site "https://www.chess.com"]

[Event "Titled Tuesday Blitz November 01 Late 2022"]
[White "Fishchuk, Vladyslav"]
[Black "Ozer, Omer Faruk"]
[WhiteFideId "34122117"]
[BlackFideId "6354564"]
[WhiteElo "2054"]
[BlackElo "2260"]
[Result "0-1"]
[Round "06"]
[TimeControl "180+1"]
[Date "2022.11.02"]
[WhiteClock "0:00:04"]
[BlackClock "0:00:51"]

1. Nf3 Nf6 2. c4 g6 3. Nc3 c5 4. d4 cxd4 5. Nxd4 Bg7 6. e4 Nc6 7. Be3 O-O 8. Be2 d6 9. Nc2 Be6 10. O-O Rc8 11. f3 a6 12. Qd2 Nd7 13. Rac1 f5 14. b3 Qa5 15. Nd4 Nxd4 16. Bxd4 Bxd4+ 17. Qxd4 f4 18. Kh1 Ne5 19. Rfd1 Qc5 20. Qd2 g5 21. Na4 Qf2 22. Rf1 Qh4 23. c5 Rf6 24. Qe1 Qh5 25. g4 fxg3 26. Qxg3 Rcf8 27. cxd6 exd6 28. Rc7 Nxf3 29. Rxf3 Rxf3 30. Bxf3 Rxf3 31. Qg2 Bh3 0-1


[Site "https://www.chess.com"]